 Dungeon Crawl Stone Soup version 0.28-a0-957-g42eb19b844 (webtiles) character file.

Game seed: 3541809012452635774

42 croobank the Insei (level 3, -1/26 HPs)
             Began as an Octopode Monk on Nov 30, 2021.
             Was a Priest of Cheibriados.
             Slain by a gnoll (12 damage)
             ... on level 2 of the Dungeon.
             The game lasted 00:06:28 (883 turns).

croobank the Insei (Octopode Monk)                   Turns: 883, Time: 00:06:29

Health: -1/26      AC:  1    Str: 19    XL:     3   Next: 56%
Magic:  3/3        EV: 15    Int: 19    God:    Cheibriados [***...]
Gold:   21         SH:  0    Dex: 21    Spells: 2/2 levels left

rFire   . . .      SeeInvis .     - Unarmed
rCold   . . .      Faith    .   (no shield)
rNeg    . . .      Spirit   .   (helmet restricted)
rPois   .          Reflect  .   (no amulet)
rElec   .          Harm     .   (no ring)
rCorr   .          Rampage  .   (no ring)
Will    .....                   (no ring)
Stlth   ++++......              (no ring)
HPRegen 0.08/turn               (no ring)
MPRegen 0.08/turn               (no ring)
                                (no ring)
                                (no ring)

@: very slow
A: almost no armour, amphibious, 8 rings, camouflage 1, gelatinous body 1,
(nimble swimmer 1), tentacles
a: Renounce Religion, Bend Time, Temporal Distortion


You were on level 2 of the Dungeon.
You worshipped Cheibriados.
Cheibriados was most pleased with you.
You visited 1 branch of the dungeon, and saw 2 of its levels.

You collected 21 gold pieces.

Inventory:

Hand Weapons
 f - a +0 dagger
 l - a +0 short sword
Missiles
 c - 46 stones (quivered)
 e - 8 arrows
Scrolls
 a - a scroll of fear {unknown}
 b - a scroll of blinking {unknown}
 g - a scroll of identify {unknown}
 j - a scroll of vulnerability {unknown}
Potions
 d - a potion of curing {unknown}
 h - a potion of attraction {unknown}
 k - a potion of flight {unknown}


   Skills:
 + Level 3.3 Fighting
 + Level 3.3 Dodging
 + Level 3.4 Stealth
 + Level 3.6 Unarmed Combat


You had 2 spell levels left.
You didn't know any spells.
Your spell library contained the following spells:

 Spells                   Type           Power      Damage    Failure   Level
 Frozen Ramparts          Ice            0%         1d2       52%         3
 Ice Form                 Ice/Tmut       0%         N/A       90%         4
 Summon Ice Beast         Ice/Summ       0%         N/A       90%         4


Dungeon Overview and Level Annotations

Branches:
Dungeon (2/15)

Altars:
Cheibriados


Innate Abilities, Weirdness & Mutations

You cannot wear most types of armour.
You are amphibious.
You can wear up to eight rings at the same time.
Your skin changes colour to match your surroundings (Stealth+).
Your rubbery body absorbs attacks. (AC +1, EV +1)
((You are camouflaged near water. (Stealth+)))
You have tentacles for arms and can constrict up to eight enemies at once.


Message History

Your grab misses the kobold. The kobold misses you.
You bludgeon the kobold!
You kill the kobold!
Cheibriados appreciates the change of pace.
Cheibriados raises the support of your attributes as your movement slows.
An endoplasm comes into view.
The endoplasm moves out of view.
Things that are here:
a +0 short sword; a kobold corpse
l - a +0 short sword HP restored.
A gnoll comes into view. It is wielding a +0 spear.
Drop what? 12/52 slots (_ for help) (? for menu, Esc to quit)
You drop a +0 dagger.
A gnoll comes into view. It is wielding a +0 halberd.
A gnoll comes into view. It is wielding a +0 whip.
A gnoll comes into view. It is wielding a +0 spear.
The gnoll closely misses you.
The endoplasm quivers.
The gnoll shouts! x3
You tentacle-slap the gnoll. You grab the gnoll. You squeeze the gnoll.
The gnoll is moderately wounded.
You constrict the gnoll. The gnoll barely misses you.
You tentacle-slap the gnoll.
The gnoll is severely wounded.
You constrict the gnoll.
You kill the gnoll!
Cheibriados appreciates the change of pace.
You barely miss the endoplasm. You squeeze the endoplasm.
The endoplasm is severely wounded.
You tentacle-slap the endoplasm.
You kill the endoplasm!
Cheibriados appreciates the change of pace.
The gnoll barely misses you.
The gnoll hits you from afar with a +0 spear!
The gnoll misses you. The gnoll misses you. The gnoll hits you with a +0 whip!
The gnoll misses you.
The gnoll hits you from afar with a +0 halberd!
You die...

## .. ###
####.##.##
#........######
#..).......####
.....##..#g##....#
### #...g.@..#.
#.##.g#### #
#..#.#.# .#
...###.##..#
##..#).†..#
#...##.### ##.
#.#.# #
####).##..#
#.#...†.....#


You could see 3 gnolls.

Vanquished Creatures
  A gnoll (D:2)
  2 dart slugs (D:1)
  4 endoplasms
  A giant cockroach (D:1)
  5 goblins
  4 hobgoblins
  3 ball pythons (D:1)
  A frilled lizard (D:1)
  3 kobolds
  3 rats (D:1)
27 creatures vanquished.

Notes
Turn   | Place    | Note
-------+----------+-------------------------------------------
     0 | D:1      | croobank the Octopode Monk began the quest for the Orb.
     0 | D:1      | Reached XP level 1. HP: 16/16 MP: 1/1
   248 | D:1      | Reached XP level 2. HP: 21/21 MP: 2/2
   279 | D:1      | Found a faded altar of an unknown god.
   286 | D:1      | Prayed at the altar of an unknown god.
   286 | D:1      | Became a worshipper of Cheibriados the Contemplative
   286 | D:1      | Reached * piety under Cheibriados
   286 | D:1      | Reached ** piety under Cheibriados
   396 | D:1      | Reached *** piety under Cheibriados
   637 | D:1      | Reached XP level 3. HP: 26/26 MP: 3/3
   883 | D:2      | Slain by a gnoll

Illustrated notes

Levels and vault maps discovered:
D:1:      saegor_arrival_simple_b, layout_rooms, basic_ecumenical_altar,
          serial_corexii_hall, corexii_hall_statues_l, corexii_hall_statues_l,
          chequers_hall_statues_y, corexii_hall_statues_l,
          corexii_hall_statues_x, chequers_hall_statues_y
D:2:      minmay_angry_zag, layout_loops_cross, minmay_octomino_j4

Skill      XL: |  1  2 |
---------------+-------+-----
Stealth        | 3 |  3.4
Fighting       | |  3.3
Dodging        | |  3.3
Unarmed Combat | |  3.6

Action                   || total
-------------------------++-------
Melee: Unarmed           ||    43
       Tentacles         ||    16
       Constrict         ||    11
       Punch             ||     2
 Stab: Sleeping          ||     5
Armor: Skin              ||     2
Dodge: Dodged            ||    20

Table legend: (Time is in decaauts)
 A = Elapsed time spent in this place.
 B = Non-inter-level travel time spent in this place.
 C = Inter-level travel time spent in this place.
 D = Time resting spent in this place.
 E = Time spent auto-exploring this place.
 F = Levels seen in this place.
 G = Mean time per level.
                   A        B        C        D        E       F      G
               +--------+--------+--------+--------+--------+-----+--------+
         Total |   1101 |   1069 |     32 |    115 |    694 |   2 |  550.5 |
       Dungeon |   1101 |   1069 |     32 |    115 |    694 |   2 |  550.5 |
               +--------+--------+--------+--------+--------+-----+--------+

Top non-repeatable levels by time:
     D:1: 1035 daAuts
     D:2: 65 daAuts
